 Dungeon Crawl Stone Soup version 0.30-a0-305-g026cb31310 (webtiles) character file.

Game seed: 11093203067210271098

324 greenreed the Vexing (level 6, -8/47 HPs)
             Began as a Gnoll Hexslinger on Oct 23, 2022.
             Killed from afar by a steam dragon (17 damage)
             ... with a ball of steam
             ... on level 4 of the Dungeon.
             The game lasted 00:09:28 (3870 turns).

greenreed the Vexing (Gnoll Hexslinger)             Turns: 3870, Time: 00:09:29

Health: -8/47      AC:  4    Str:  9    XL:     6   Next: 48%
Magic:  18/20      EV: 13    Int: 15    God:
Gold:   228        SH:  0    Dex: 12    Spells: 11/12 levels left

rFire   . . .      SeeInvis .    a - +1 sling
rCold   . . .      Faith    .    (no shield)
rNeg    . . .      Spirit   .    c - +0 robe
rPois   .          Reflect  .    k - +0 helmet
rElec   .          Harm     .    h - scarf {+Inv}
rCorr   .          Rampage  .    g - +0 pair of gloves
Will    .....                    (no boots)
Stlth   ++........               (no amulet)
HPRegen 0.27/turn                l - ring of magical power
MPRegen 0.17/turn                (no ring)

@: no status effects
A: fangs 1, strong nose, distributed training
a: Evoke Invisibility


You were on level 4 of the Dungeon.
You visited 1 branch of the dungeon, and saw 4 of its levels.

You collected 228 gold pieces.

Inventory:

Hand Weapons
 a - a +1 sling (weapon)
Armour
 c - a +0 robe (worn)
 g - a +0 pair of gloves (worn)
 h - a scarf of invisibility (worn)
 k - a +0 helmet (worn)
Jewellery
 l - a ring of magical power (left hand)
Scrolls
 b - 6 scrolls of poison
 d - 2 scrolls of magic mapping {unknown}
 e - 5 scrolls of teleportation {unknown}
 f - 2 scrolls of vulnerability {unknown}
 j - a scroll of summoning {unknown}
 m - a scroll of amnesia {unknown}
 n - 2 scrolls of immolation {unknown}
 p - a scroll of fog {unknown}
Potions
 i - 3 potions of curing {unknown}
 o - a potion of mutation {unknown}


   Skills:
 + Level 3.3 Fighting
 + Level 2.0 Short Blades
 + Level 2.0 Long Blades
 + Level 2.0 Axes
 + Level 2.0 Maces & Flails
 + Level 2.0 Polearms
 + Level 2.0 Staves
 + Level 5.0 Ranged Weapons
 + Level 2.0 Throwing
 + Level 2.0 Armour
 + Level 5.0 Dodging
 + Level 2.0 Stealth
 + Level 2.0 Shields
 + Level 2.0 Unarmed Combat
 + Level 3.5 Spellcasting
 + Level 1.6 Conjurations
 + Level 5.7 Hexes
 + Level 1.6 Summonings
 + Level 1.6 Necromancy
 + Level 1.6 Translocations
 + Level 1.6 Transmutations
 + Level 1.6 Fire Magic
 + Level 1.6 Ice Magic
 + Level 1.6 Air Magic
 + Level 1.6 Earth Magic
 + Level 1.6 Poison Magic
 + Level 2.2 Invocations
 + Level 2.0 Evocations


You had 11 spell levels left.
You knew the following spells:

 Your Spells              Type           Power      Damage    Failure   Level
a - Slow                  Hex            76%        N/A       1%          1

Your spell library contained the following spells:

 Spells                   Type           Power      Damage    Failure   Level
 Confusing Touch          Hex            19%        N/A       5%          3
 Kiss of Death            Conj/Necr      28%        2d7       10%         1
 Inner Flame              Hex/Fire       13%        N/A       13%         3
 Portal Projectile        Hex/Tloc       26%        N/A       13%         3
 Cause Fear               Hex            9%         N/A       19%         4
 Gell's Gravitas          Tloc           7%         N/A       28%         3
 Lesser Beckoning         Tloc           14%        N/A       28%         3
 Teleport Other           Tloc           7%         N/A       28%         3
 Dispel Undead            Necr           7%         3d8       67%         4


Dungeon Overview and Level Annotations

Branches:
Dungeon (4/15)
 Temple: D:4-7

Altars:

Shops:
D:1 :   D:4 :


Innate Abilities, Weirdness & Mutations

You have very sharp teeth.
Your uncanny sense of smell can sniff out nearby items.
Your experience applies equally to all skills.


Message History

Press: ? - help, Shift-Dir - straight line, f/p - steam dragon
Aim: a steam dragon (water, severely wounded, chance to affect: 51%)
The steam dragon seems to slow down.
The steam dragon barely misses you. The steam dragon claws you.
You are too injured to fight recklessly!
Aiming: Slow (safe; 1% risk of failure)
Press: ? - help, Q - select action, (/) - cycle Shift-Dir - straight line, f/p - steam dragon
Aim: a steam dragon (water, severely wounded, slow, chance to affect: 51%)
The steam dragon resists with significant effort.
The steam dragon completely misses you. The steam dragon barely misses you.
You shoot a sling bullet.
The sling bullet hits the steam dragon but does no damage.
The steam dragon is severely wounded.
The steam dragon bites you but does no damage.
The steam dragon closely misses you.
You shoot a sling bullet.
The sling bullet barely misses the steam dragon.
You shoot a sling bullet.
The sling bullet closely misses the steam dragon.
The steam dragon bites you! The steam dragon barely misses you.
Your magical contamination has completely faded away.
You shoot a sling bullet.
The sling bullet hits the steam dragon but does no damage.
The steam dragon is severely wounded.
The steam dragon bites you!
* * * LOW HITPOINT WARNING * * *
The steam dragon closely misses you.
You shoot a sling bullet.
The sling bullet barely misses the steam dragon.
The steam dragon bites you but does no damage.
The steam dragon claws you.
* * * LOW HITPOINT WARNING * * *
You shoot a sling bullet.
The sling bullet hits the steam dragon but does no damage.
The steam dragon is severely wounded.
The steam dragon breathes steam at you. The ball of steam misses you.
The steam dragon breathes steam at you. The ball of steam hits you!
You die...

#.# #..###.##
##..####.## #.....###.#
##.##.##.## #..#.#.##
##.#...##
########...#.#####
#######.................
.......@######...#.#####
........§...###.##.#
.≈≈≈≈≈≈≈≈D≈.....##.#
.≈........≈.######.#
.≈.≈≈≈≈≈≈.≈.# #.#
.≈.≈....≈.≈.# ..#
.≈.≈.≈≈.≈.≈.# ###
.≈.≈.∩≈.≈.≈.#
≈.≈≈≈≈.≈.≈.#


You could see a steam dragon (slow, catching breath).

Vanquished Creatures
  Sigmund (D:2)
  Terence (D:2)
  An orc wizard (D:3)
  Robin (D:2)
  3 adders
  2 dart slugs
  5 orcs
  6 endoplasms
  A giant cockroach (D:1)
  14 goblins
  12 hobgoblins
  3 kobolds
  2 quokkas (D:1)
  6 ball pythons
  3 bats (D:1)
  6 frilled lizards
  6 rats
73 creatures vanquished.

Notes
Turn   | Place    | Note
-------+----------+-------------------------------------------
     0 | D:1      | greenreed the Gnoll Hexslinger began the quest for the Orb.
     0 | D:1      | Reached XP level 1. HP: 17/17 MP: 4/4
   149 | D:1      | Reached XP level 2. HP: 23/23 MP: 5/5
   301 | D:1      | Found Buliet's Book Boutique.
   537 | D:1      | Reached XP level 3. HP: 28/28 MP: 7/7
  1002 | D:2      | Noticed Robin
  1003 | D:2      | Reached skill level 1 in Invocations
  1108 | D:2      | Reached skill level 1 in Short Blades
  1108 | D:2      | Reached skill level 1 in Long Blades
  1108 | D:2      | Reached skill level 1 in Axes
  1108 | D:2      | Reached skill level 1 in Maces & Flails
  1108 | D:2      | Reached skill level 1 in Polearms
  1108 | D:2      | Reached skill level 1 in Staves
  1108 | D:2      | Reached skill level 1 in Throwing
  1108 | D:2      | Reached skill level 1 in Armour
  1108 | D:2      | Reached skill level 1 in Stealth
  1108 | D:2      | Reached skill level 1 in Shields
  1108 | D:2      | Reached skill level 1 in Unarmed Combat
  1108 | D:2      | Reached skill level 1 in Evocations
  1225 | D:2      | Noticed Terence
  1329 | D:2      | Killed Terence
  1330 | D:2      | Reached skill level 1 in Conjurations
  1330 | D:2      | Reached skill level 1 in Summonings
  1330 | D:2      | Reached skill level 1 in Necromancy
  1330 | D:2      | Reached skill level 1 in Translocations
  1330 | D:2      | Reached skill level 1 in Transmutations
  1330 | D:2      | Reached skill level 1 in Fire Magic
  1330 | D:2      | Reached skill level 1 in Ice Magic
  1330 | D:2      | Reached skill level 1 in Air Magic
  1330 | D:2      | Reached skill level 1 in Earth Magic
  1330 | D:2      | Reached skill level 1 in Poison Magic
  1330 | D:2      | Reached XP level 4. HP: 33/34 MP: 6/8
  1583 | D:2      | Noticed Sigmund
  1727 | D:2      | Killed Sigmund
  1728 | D:2      | Reached XP level 5. HP: 34/41 MP: 8/10
  1728 | D:2      | Reached XP level 6. HP: 39/47 MP: 8/11
  2165 | D:2      | Killed Robin
  2166 | D:2      | Reached skill level 5 in Ranged Weapons
  2166 | D:2      | Reached skill level 5 in Dodging
  2691 | D:3      | Found a faded altar of an unknown god.
  3836 | D:4      | Found Qasieps's Book Shop.
  3841 | D:4      | Noticed a steam dragon
  3870 | D:4      | Killed from afar by a steam dragon

Illustrated notes

Levels and vault maps discovered:
D:1:      dpeg_arrival_rooms_a, layout_loops_corners, serial_shops,
          nicolae_square_shop
D:2:      layout_rooms, serial_co_window_serial, co_window_paths_a,
          co_window_paths_b, co_window_paths_b, co_window_paths_a,
          co_window_paths_b, co_window_corner_ca, co_window_corner_cb,
          co_window_corner_b, co_window_unsneaky_path_c, co_window_corner_cb,
          co_window_of_opportunity_b, co_window_paths_c, co_window_paths_e,
          corexii_corridor_pit, uniq_terence, uniq_robin, uniq_sigmund
D:3:      layout_loops_ring, ebering_ecumenical_altar_hall
D:4:      layout_loops_ring, serial_shops, nicolae_inconvenience_store,
          corexii_hall_statues_deadend

Skill      XL: |  1  2  3  4  5  6 |
---------------+-------------------+-----
Invocations    | 1 2 |  2.2
Short Blades   | 1 2 |  2.0
Long Blades    | 1 2 |  2.0
Axes           | 1 2 |  2.0
Maces & Flails | 1 2 |  2.0
Polearms       | 1 2 |  2.0
Staves         | 1 2 |  2.0
Throwing       | 1 2 |  2.0
Armour         | 1 2 |  2.0
Stealth        | 1 2 |  2.0
Shields        | 1 2 |  2.0
Unarmed Combat | 1 2 |  2.0
Evocations     | 1 2 |  2.0
Spellcasting   | 3 |  3.5
Conjurations   | 1 |  1.6
Summonings     | 1 |  1.6
Necromancy     | 1 |  1.6
Translocations | 1 |  1.6
Transmutations | 1 |  1.6
Fire Magic     | 1 |  1.6
Ice Magic      | 1 |  1.6
Air Magic      | 1 |  1.6
Earth Magic    | 1 |  1.6
Poison Magic   | 1 |  1.6
Fighting       | 3 |  3.3
Ranged Weapons | 5 |  5.0
Dodging        | 5 |  5.0
Hexes          | |  5.7

Action                   |  1- 3 |  4- 6 || total
-------------------------+-------+-------++-------
Melee: Sling             |       |     1 ||     1
 Fire: Sling             |   144 |   160 ||   304
 Cast: Slow              |    12 |    15 ||    27
Armor: Robe              |     6 |    19 ||    25
Dodge: Dodged            |    45 |    61 ||   106

Table legend: (Time is in decaauts)
 A = Elapsed time spent in this place.
 B = Non-inter-level travel time spent in this place.
 C = Inter-level travel time spent in this place.
 D = Time resting spent in this place.
 E = Time spent auto-exploring this place.
 F = Levels seen in this place.
 G = Mean time per level.
                   A        B        C        D        E       F      G
               +--------+--------+--------+--------+--------+-----+--------+
         Total |   3921 |   3839 |     82 |    252 |   2829 |   4 |  980.2 |
       Dungeon |   3921 |   3839 |     82 |    252 |   2829 |   4 |  980.2 |
               +--------+--------+--------+--------+--------+-----+--------+

Top non-repeatable levels by time:
     D:2: 1401 daAuts
     D:1: 1009 daAuts
     D:3: 782 daAuts
     D:4: 729 daAuts
